TOP OF THE 1ST |
---|
St. Louis Browns batting - Pitching for Pocatello Bellas : RHP Jesús De Los Santos | Pitching: RHP Jesús De Los Santos | | Batting: LHB Robin Hill | 0-0: Fly out, F7 (Flyball, 78XD) | Batting: RHB José Flores | 0-0: Foul Ball, location: 2F 0-1: Ball 1-1: Ball 2-1: Foul Ball, location: 2F 2-2: Ground out 6-3 (Groundball, 6) | Batting: LHB Mike Hill | 0-0: SINGLE (Flyball, 6MD) | Batting: SHB David Johnstone | 0-0: Ball 1-0: Ball 2-0: Fly out, F8 (Flyball, 8RM) | Top of the 1st over - 0 runs, 1 hit, 0 errors, 1 left on base; St. Louis 0 - Pocatello 0 | BOTTOM OF THE 1ST |
---|
Pocatello Bellas batting - Pitching for St. Louis Browns : RHP Scott Walker | Pitching: RHP Scott Walker | | Batting: RHB Paco Arellano | 0-0: Foul Ball, location: 2F 0-1: Ground out 4-3 (Groundball, 34D) | Batting: LHB Keng-chi Lao | 0-0: Fly out, F9 (Flyball, 9S) | Batting: SHB Shane Hutchinson | 0-0: SOLO HOME RUN (Flyball, 9D), Distance : 390 ft | Batting: RHB Juan Rodríguez | 0-0: Ball 1-0: Swinging Strike 1-1: Ground out 6-3 (Groundball, 6) | Bottom of the 1st over - 1 run, 1 hit, 0 errors, 0 left on base; St. Louis 0 - Pocatello 1 | TOP OF THE 2ND |
---|
St. Louis Browns batting - Pitching for Pocatello Bellas : RHP Jesús De Los Santos | Batting: RHB Carlos Alfaro | 0-0: Fly out, F8 (Line Drive, 8LD) | Batting: LHB Dave Watson | 0-0: Called Strike 0-1: Called Strike 0-2: Strikes out swinging | Batting: RHB António Venecia | 0-0: Fly out, F9 (Flyball, 9LMF) | Top of the 2nd over - 0 runs, 0 hits, 0 errors, 0 left on base; St. Louis 0 - Pocatello 1 | BOTTOM OF THE 2ND |
---|
Pocatello Bellas batting - Pitching for St. Louis Browns : RHP Scott Walker | Batting: RHB Tomás Carranza | 0-0: Swinging Strike 0-1: Ball 1-1: Swinging Strike 1-2: Foul Ball, location: 2F 1-2: Ball 2-2: Ball 3-2: Base on Balls | Batting: SHB Nick Cox | 0-0: Ball Tomás Carranza steals 2nd base 1-0: Ball 2-0: Ball 3-0: Called Strike 3-1: Base on Balls | Batting: LHB John Peterson | 0-0: Ground out 4-3 (Groundball, 34D) Tomás Carranza to third Nick Cox to second | Batting: RHB Millard Boyd | 0-0: Called Strike 0-1: Foul Ball, location: 2F 0-2: Strikes out looking | Batting: LHB John Cotton | 0-0: Called Strike 0-1: Ball 1-1: Ball 2-1: Reached on error, E4 (Groundball, 4S) Tomás Carranza scores Nick Cox to third | Batting: RHB Paco Arellano | 0-0: Ball 1-0: Ball 2-0: Called Strike 2-1: Foul Ball, location: 2F 2-2: Strikes out swinging | Bottom of the 2nd over - 1 run, 0 hits, 1 error, 2 left on base; St. Louis 0 - Pocatello 2 | TOP OF THE 3RD |
---|
St. Louis Browns batting - Pitching for Pocatello Bellas : RHP Jesús De Los Santos | Batting: LHB Miguel Medellín | 0-0: Ball 1-0: Ball 2-0: Ball 3-0: Base on Balls | Batting: RHB Octávio Marín | 0-0: SINGLE (Line Drive, 89S) Miguel Medellín to second | Batting: LHB Robin Hill | 0-0: Ball 1-0: Ball 2-0: Ball 3-0: Called Strike 3-1: Called Strike 3-2: Base on Balls Miguel Medellín to third Octávio Marín to second | Batting: RHB José Flores | 0-0: Called Strike 0-1: Foul Ball, location: 2F 0-2: Strikes out looking | Batting: LHB Mike Hill | 0-0: Called Strike 0-1: Called Strike 0-2: Strikes out swinging | Batting: SHB David Johnstone | 0-0: Called Strike 0-1: Ball 1-1: Ball 2-1: Foul Ball, location: 2F 2-2: Strikes out swinging | Top of the 3rd over - 0 runs, 1 hit, 0 errors, 3 left on base; St. Louis 0 - Pocatello 2 | BOTTOM OF THE 3RD |
---|
Pocatello Bellas batting - Pitching for St. Louis Browns : RHP Scott Walker | Batting: LHB Keng-chi Lao | 0-0: Ball 1-0: Called Strike 1-1: Foul Ball, location: 2F 1-2: Ball 2-2: Foul Ball, location: 2F 2-2: Foul Ball, location: 2F 2-2: Foul Ball, location: 2F 2-2: Ball 3-2: Foul Ball, location: 2F 3-2: Ground out 4-3 (Groundball, 4) | Batting: SHB Shane Hutchinson | 0-0: Ball 1-0: Fly out, F7 (Flyball, 7S) | Batting: RHB Juan Rodríguez | 0-0: Called Strike 0-1: Ground out 5-3 (Groundball, 56S) | Bottom of the 3rd over - 0 runs, 0 hits, 0 errors, 0 left on base; St. Louis 0 - Pocatello 2 | TOP OF THE 4TH |
---|
St. Louis Browns batting - Pitching for Pocatello Bellas : RHP Jesús De Los Santos | Batting: RHB Carlos Alfaro | 0-0: Foul Ball, location: 2F 0-1: Ball 1-1: SINGLE (Line Drive, 89S) | Batting: LHB Dave Watson | 0-0: Ball 1-0: Ball 2-0: SINGLE (Groundball, 4MD) Carlos Alfaro to second Runner from 2nd tries for 3rd, SAFE, no throw | Batting: RHB António Venecia | 0-0: Called Strike 0-1: 3-RUN HOME RUN (Flyball, 78XD), Distance : 419 ft | Batting: LHB Miguel Medellín | 0-0: Ground out U3 (Groundball, 3L) | Batting: RHB Octávio Marín | 0-0: Called Strike 0-1: Foul Ball, location: 2F 0-2: Strikes out swinging | Batting: LHB Robin Hill | 0-0: Called Strike 0-1: Ground out 4-3 (Groundball, 4) | Top of the 4th over - 3 runs, 3 hits, 0 errors, 0 left on base; St. Louis 3 - Pocatello 2 | BOTTOM OF THE 4TH |
---|
Pocatello Bellas batting - Pitching for St. Louis Browns : RHP Scott Walker | Batting: RHB Tomás Carranza | 0-0: Ball 1-0: Ball 2-0: Swinging Strike 2-1: Ball 3-1: Base on Balls | Batting: SHB Nick Cox | 0-0: Called Strike Tomás Carranza steals 2nd base 0-1: Called Strike 0-2: Ball 1-2: Strikes out looking | Batting: LHB John Peterson | 0-0: Called Strike Tomás Carranza steals 3rd base 0-1: Swinging Strike 0-2: Strikes out looking | Batting: RHB Millard Boyd | 0-0: Foul Ball, location: 2F 0-1: Ball 1-1: Foul Ball, location: 2F 1-2: Ground out 6-3 (Groundball, 6) | Bottom of the 4th over - 0 runs, 0 hits, 0 errors, 1 left on base; St. Louis 3 - Pocatello 2 | TOP OF THE 5TH |
---|
St. Louis Browns batting - Pitching for Pocatello Bellas : RHP Jesús De Los Santos | Batting: RHB José Flores | 0-0: Ball 1-0: Foul Ball, location: 2F 1-1: Ball 2-1: Ball 3-1: Fly out, F8 (Flyball, 8LXD) | Batting: LHB Mike Hill | 0-0: Ball 1-0: Ball 2-0: Swinging Strike 2-1: SINGLE (Groundball, 34D) | Batting: SHB David Johnstone | 0-0: Ball 1-0: Swinging Strike 1-1: Ball 2-1: Ball 3-1: Fly out, F6 (Popup, 6M) | Batting: RHB Carlos Alfaro | 0-0: Fly out, F9 (Flyball, 9) | Top of the 5th over - 0 runs, 1 hit, 0 errors, 1 left on base; St. Louis 3 - Pocatello 2 | BOTTOM OF THE 5TH |
---|
Pocatello Bellas batting - Pitching for St. Louis Browns : RHP Scott Walker | Batting: LHB John Cotton | 0-0: Swinging Strike 0-1: Ground out 4-3 (Groundball, 4M) | Batting: RHB Paco Arellano | 0-0: Fly out, F8 (Line Drive, 8RD) | Batting: LHB Keng-chi Lao | 0-0: Foul Ball, location: 2F 0-1: Ball 1-1: Ball 2-1: Called Strike 2-2: Ball 3-2: Foul Ball, location: 2F 3-2: Ground out 4-3 (Groundball, 4) | Bottom of the 5th over - 0 runs, 0 hits, 0 errors, 0 left on base; St. Louis 3 - Pocatello 2 | TOP OF THE 6TH |
---|
St. Louis Browns batting - Pitching for Pocatello Bellas : RHP Jesús De Los Santos | Batting: LHB Dave Watson | 0-0: Swinging Strike 0-1: Swinging Strike 0-2: Strikes out swinging | Batting: RHB António Venecia | 0-0: Called Strike 0-1: Foul Ball, location: 2F 0-2: Foul Ball, location: 2F 0-2: Strikes out looking | Batting: LHB Miguel Medellín | 0-0: Ball 1-0: Foul Ball, location: 2F 1-1: Called Strike 1-2: Foul Ball, location: 2F 1-2: Strikes out swinging | Top of the 6th over - 0 runs, 0 hits, 0 errors, 0 left on base; St. Louis 3 - Pocatello 2 | BOTTOM OF THE 6TH |
---|
Pocatello Bellas batting - Pitching for St. Louis Browns : RHP Scott Walker | Batting: SHB Shane Hutchinson | 0-0: Ball 1-0: Foul Ball, location: 2F 1-1: Ball 2-1: Foul Ball, location: 2F 2-2: Ball 3-2: Base on Balls | Batting: RHB Juan Rodríguez | 0-0: Foul Ball, location: 2F 0-1: SINGLE (Groundball, 34D) Shane Hutchinson to second Throwing error, E9 Shane Hutchinson scores Juan Rodríguez to second | Batting: RHB Tomás Carranza | 0-0: Ground out 4-3 (Groundball, 34) Juan Rodríguez to third | Batting: SHB Nick Cox | 0-0: Ground out 6-3 (Groundball, 6S) | Batting: LHB John Peterson | 0-0: DOUBLE (Groundball, 3L) Juan Rodríguez scores | Batting: RHB Millard Boyd | 0-0: Ball 1-0: Called Strike 1-1: Called Strike 1-2: Ball 2-2: Ball 3-2: Base on Balls | Batting: LHB John Cotton | 0-0: Called Strike 0-1: Fly out, F6 (Line Drive, 6) | Bottom of the 6th over - 2 runs, 2 hits, 1 error, 2 left on base; St. Louis 3 - Pocatello 4 | TOP OF THE 7TH |
---|
St. Louis Browns batting - Pitching for Pocatello Bellas : RHP Jesús De Los Santos | Batting: RHB Octávio Marín | 0-0: Ground out U3 (Groundball, 34) | Batting: LHB Robin Hill | 0-0: Ball 1-0: Fly out, F9 (Flyball, 9S) | Batting: RHB José Flores | 0-0: Ball 1-0: Called Strike 1-1: Called Strike 1-2: Ball 2-2: Fly out, F4 (Line Drive, 4) | Top of the 7th over - 0 runs, 0 hits, 0 errors, 0 left on base; St. Louis 3 - Pocatello 4 | BOTTOM OF THE 7TH |
---|
Pocatello Bellas batting - Pitching for St. Louis Browns : RHP Scott Walker | Batting: RHB Paco Arellano | 0-0: Ball 1-0: Ball 2-0: Called Strike 2-1: Ball 3-1: Called Strike 3-2: Strikes out swinging | Batting: LHB Keng-chi Lao | 0-0: Called Strike 0-1: Fly out, F2 (Popup, 25F) | Batting: SHB Shane Hutchinson | 0-0: Ground out 1-3 (Groundball, 13S) | Bottom of the 7th over - 0 runs, 0 hits, 0 errors, 0 left on base; St. Louis 3 - Pocatello 4 | TOP OF THE 8TH |
---|
St. Louis Browns batting - Pitching for Pocatello Bellas : RHP Jesús De Los Santos | Pitching: RHP Jaime Espinoza | | Now at 3B: Morgan Gibbon | | Batting: LHB Mike Hill | 0-0: Called Strike 0-1: Ball 1-1: Ball 2-1: Swinging Strike 2-2: Foul Ball, location: 2F 2-2: Ground out 4-3 (Groundball, 4) | Batting: SHB David Johnstone | 0-0: Ball 1-0: Ball 2-0: Fly out, F7 (Flyball, 7) | Batting: RHB Carlos Alfaro | 0-0: Called Strike 0-1: Called Strike 0-2: Strikes out swinging | Top of the 8th over - 0 runs, 0 hits, 0 errors, 0 left on base; St. Louis 3 - Pocatello 4 | BOTTOM OF THE 8TH |
---|
Pocatello Bellas batting - Pitching for St. Louis Browns : RHP Scott Walker | Pitching: RHP Jorge Pérez | | Batting: RHB Juan Rodríguez | 0-0: Foul Ball, location: 2F 0-1: Ground out 6-3 (Groundball, 6) | Batting: RHB Tomás Carranza | 0-0: Called Strike 0-1: Called Strike 0-2: Foul Ball, location: 2F 0-2: Ball 1-2: Ground out 6-3 (Groundball, 6) | Batting: SHB Nick Cox | 0-0: Called Strike 0-1: Swinging Strike 0-2: Ball 1-2: Ground out 4-3 (Groundball, 4) | Bottom of the 8th over - 0 runs, 0 hits, 0 errors, 0 left on base; St. Louis 3 - Pocatello 4 | TOP OF THE 9TH |
---|
St. Louis Browns batting - Pitching for Pocatello Bellas : RHP Jaime Espinoza | Batting: LHB Dave Watson | 0-0: Ball 1-0: Called Strike 1-1: SINGLE (Groundball, 4MD) | Batting: RHB António Venecia | 0-0: Sac Bunt - play at first, batter OUT! 1-4 Dave Watson to second | Pinch Hitting: LHB Junior Coates | 0-0: Ball 1-0: Called Strike 1-1: Called Strike 1-2: Foul Ball, location: 2F 1-2: Foul Ball, location: 2F 1-2: Ball 2-2: Ball 3-2: Foul Ball, location: 2F 3-2: Base on Balls | Pinch Hitting: RHB Anthony Rucker | 0-0: Reached on error, E6 (Groundball, 6) Dave Watson to third Junior Coates to second | Batting: LHB Robin Hill | 0-0: Ball 1-0: Foul Ball, location: 2F 1-1: Swinging Strike 1-2: Foul Ball, location: 2F 1-2: Ball 2-2: Grounds into fielders choice 4-2 (Groundball, 4MS) Junior Coates to third Anthony Rucker to second | Batting: RHB José Flores | 0-0: Ball 1-0: SINGLE (Line Drive, 9S) Junior Coates scores Anthony Rucker to third Robin Hill to second Runner from 3rd tries for Home, SAFE, no throw | Batting: LHB Mike Hill | 0-0: Fly out, F8 (Flyball, 8LXD) | Top of the 9th over - 2 runs, 2 hits, 1 error, 2 left on base; St. Louis 5 - Pocatello 4 | BOTTOM OF THE 9TH |
---|
Pocatello Bellas batting - Pitching for St. Louis Browns : RHP Jorge Pérez | Pitching: LHP Daniel Gregory | | Now at 2B: Anthony Rucker | | Now in RF: Junior Coates | | Pinch Hitting: RHB Germán Rosales | 0-0: Ball 1-0: Ball 2-0: Ball 3-0: Called Strike 3-1: Base on Balls | Batting: RHB Millard Boyd | 0-0: Foul Ball, location: 2F 0-1: Ball 1-1: Ball 2-1: Ball 3-1: Base on Balls Germán Rosales to second | Batting: LHB John Cotton | 0-0: Ball 1-0: Called Strike 1-1: Ball 2-1: Ball 3-1: Called Strike 3-2: Fielders Choice at 2nd, 4-6 (Groundball, 4) Germán Rosales to third | Batting: RHB Paco Arellano | 0-0: Called Strike 0-1: Foul Ball, location: 2F 0-2: Foul Ball, location: 2F 0-2: Ball 1-2: Ball 2-2: Ball 3-2: Foul Ball, location: 2F 3-2: Strikes out swinging | Batting: RHB Morgan Gibbon | 0-0: Ball 1-0: Called Strike 1-1: Foul Ball, location: 2F 1-2: Foul Ball, location: 2F 1-2: Strikes out looking | Bottom of the 9th over - 0 runs, 0 hits, 0 errors, 2 left on base; St. Louis 5 - Pocatello 4 | |